 Dungeon Crawl Stone Soup version 0.20.0-15-g7f486f2 (webtiles) character file.

97 Kosschaser the Covered (level 4, -4/28 HPs)
             Began as a Gargoyle Fighter on June 10, 2017.
             Slain by a gnoll
             ... wielding a +0 flail
              (5 damage)
             ... on level 3 of the Dungeon.
             The game lasted 00:02:35 (1579 turns).

Kosschaser the Covered (Gargoyle Fighter)           Turns: 1579, Time: 00:02:36

Health: -4/28      AC: 10    Str: 21    XL:     4   Next: 68%
Magic:  4/4        EV:  7    Int:  8    God:
Gold:   122        SH:  9    Dex:  9    Spells: 3/3 levels left

rFire    . . .     SeeInvis .   a - +0 flail
rCold    . . .     Gourm    .   c - +0 shield
rNeg     + . .     Faith    .   b - +0 scale mail
rPois    ∞         Spirit   .   (no helmet)
rElec    +         Reflect  .   (no cloak)
rCorr    .         Harm     .   (no gloves)
MR       .....                  (no boots)
Stlth    ..........             (no amulet)
Regen    0.1/turn               p - ring of wizardry
MPRegen  0.1/turn               (no ring)

@: no status effects
A: negative energy resistance 1, electricity resistance, unbreathing,
petrification resistance, rot immunity, AC +3
a: no special abilities


You were on level 3 of the Dungeon.
You were hungry.

You visited 1 branch of the dungeon, and saw 3 of its levels.

You collected 122 gold pieces.

Inventory:

Hand Weapons
 a - a +0 flail (weapon)
Armour
 b - a +0 scale mail (worn)
 c - a +0 shield (worn)
Jewellery
 p - a ring of wizardry (left hand)
 r - a cursed ring of loudness {unknown}
Scrolls
 i - 2 scrolls of immolation {unknown}
 k - a scroll of random uselessness {unknown}
 l - a scroll of teleportation {unknown}
 m - a scroll of remove curse {unknown}
 o - a scroll of fog {unknown}
 q - a scroll of noise {unknown}
 s - a scroll of fear {unknown}
Potions
 d - 2 potions of might
 e - a potion of resistance {unknown}
 h - 2 potions of flight {unknown}
 j - a potion of degeneration {unknown}
 t - a potion of curing {unknown}
Comestibles
 f - 6 bread rations
 g - a meat ration
 n - a fruit


   Skills:
 + Level 3.5 Fighting
 + Level 3.2 Maces & Flails
 + Level 4.3 Armour
 + Level 0.1 Dodging
 + Level 3.9 Shields


You had 3 spell levels left.
You didn't know any spells.

Dungeon Overview and Level Annotations

Branches:
Dungeon (3/15)

Altars:


Innate Abilities, Weirdness & Mutations

You are resistant to torment.
Your stone body is resilient. (AC +3)
You are immune to poison.
You resist negative energy. (rN+)
You are resistant to electric shocks. (rElec)
You can survive without breathing.
You are immune to petrification.
You are immune to rotting.


Message History

You block the gnoll's attack.
You barely miss the gnoll. The gnoll hits you with a spear.
You are feeling hungry.
You closely miss the gnoll. The gnoll closely misses you.
You completely miss the gnoll. The gnoll hits you with a spear.
* * * LOW HITPOINT WARNING * * *
You hit the gnoll but do no damage. The gnoll hits you with a spear.
* * * LOW HITPOINT WARNING * * *
The gnoll hits you with a spear.
* * * LOW HITPOINT WARNING * * *
You hit the gnoll.
The gnoll is heavily wounded.
You block the gnoll's attack.
You sock the gnoll!
You kill the gnoll!
You block the gnoll's attack.
You hit the gnoll but do no damage. The gnoll hits you but does no damage.
Your shield and scale mail prevent you from hitting the gnoll.
The gnoll hits you with a flail.
You die...

#.#
#.#
#.#
#.#
#[#
#.#
#.#
#)#
#@#
#g#
..#
####


You could see a gnoll.

Vanquished Creatures
  An adder (D:2)
  3 gnolls (D:3)
  3 worms (D:2)
  3 dart slugs (D:1)
  2 leopard geckos
  2 bats (D:2)
  2 giant cockroaches (D:2)
  7 goblins
  9 hobgoblins
  A quokka (D:2)
  3 frilled lizards
  2 kobolds
  4 rats
42 creatures vanquished.

Notes
Turn   | Place    | Note
-------+----------+-------------------------------------------
     0 | D:1      | Kosschaser the Gargoyle Fighter began the quest for the Orb.
     0 | D:1      | Reached XP level 1. HP: 14/14 MP: 1/1
   316 | D:1      | Reached XP level 2. HP: 19/19 MP: 2/2
   515 | D:1      | Reached XP level 3. HP: 17/23 MP: 3/3
   730 | D:2      | Reached skill level 4 in Armour
  1000 | D:2      | Found a faded altar of an unknown god.
  1064 | D:2      | Reached XP level 4. HP: 28/28 MP: 4/4
  1575 | D:3      | HP: 1/28 [gnoll/spear (4)]
  1579 | D:3      | Slain by a gnoll

Skill      XL: |  1  2  3  4 |
---------------+-------------+-----
Armour         | 4 |  4.3
Maces & Flails | 3 |  3.2
Fighting       | |  3.5
Dodging        | |  0.1
Shields        | |  3.9

Action                   |  1- 3 |  4- 6 || total
-------------------------+-------+-------++-------
Melee: Flail             |   118 |    58 ||   176
  Eat: Chunk             |       |     2 ||     2
Armor: Scale mail        |    67 |    39 ||   106
Dodge: Dodged            |    43 |    17 ||    60
Block: Shield            |    53 |    35 ||    88
